 Dungeon Crawl Stone Soup version 0.19.1-1-g22dce08 (webtiles) character file.

45308 markt42 the Severer (level 14, -4/79 HPs)
             Began as a Gargoyle Fighter on Dec 29, 2016.
             Was the Champion of Okawaru.
             Killed by divine providence
             ... invoked by an orc high priest
              (19 damage)
             ... on level 2 of the Orcish Mines on Dec 30, 2016.
             The game lasted 00:29:17 (15462 turns).

markt42 the Severer (Gargoyle Fighter)             Turns: 15462, Time: 00:29:19

Health: -4/79      AC: 40    Str: 20 (22) XL:     14   Next: 32%
Magic:  15/15      EV:  5    Int: 11      God:    Okawaru [******]
Gold:   1111       SH:  0    Dex: 16      Spells: 0 memorised, 13 levels left

rFire  + . .     SeeInvis +     a - +11 battleaxe of Yrizoto {venom, rElec MR+}
rCold  + + +     Gourm    .     O - +2 crystal plate armour
rNeg   + . .     Faith    .     (shield currently unavailable)
rPois  ∞         Spirit   .     K - +0 hat {SInv}
rElec  +         Reflect  .     d - +1 cloak of the Alphagorgon {MR+++ Regen+ Slay+3}
rCorr  .         Harm     +     u - +1 pair of gloves
MR     +++++                    i - +2 pair of boots "Gargh" {rF+ rC++ Regen+}
Stlth  ..........               j - amulet of harm
                                n - +6 ring of dexterity
                                k - ring of protection from cold

@: no status effects
A: big wings, hooves 1, deterioration 1, frail 1, negative energy resistance 1,
shaggy fur 1, electricity resistance, unbreathing, petrification resistance, rot
immunity, AC +9
a: Fly, Heroism, Finesse, Renounce Religion


You were on level 2 of the Orcish Mines.
You worshipped Okawaru.
Okawaru was exalted by your worship.
You were not hungry.

You visited 4 branches of the dungeon, and saw 19 of its levels.
You also visited: Ice Cave.

You collected 1311 gold pieces.
You spent 200 gold pieces at shops.

Inventory:

Hand Weapons
 a - the +11 battleaxe of Yrizoto (weapon) {venom, rElec MR+}
   (Okawaru gifted it to you on level 1 of the Orcish Mines)

   It poisons the flesh of those it strikes.
   It insulates you from electricity.
   It affects your resistance to hostile enchantments.
 y - the +1 hand axe "Putiprap" {freeze, rElec MR+ Str+6}
   (You found it on level 6 of the Dungeon)

   It has been specially enchanted to freeze those struck by it, causing extra
   injury to most foes and up to half again as much damage against particularly
   susceptible opponents.
   It can also slow down cold-blooded creatures.
   It affects your strength (+6).
   It insulates you from electricity.
   It affects your resistance to hostile enchantments.
Armour
 c - a +0 shield
 d - the +1 cloak of the Alphagorgon (worn) {MR+++ Regen+ Slay+3}
   (You found it on level 7 of the Dungeon)

   It affects your accuracy and damage with ranged weapons and melee attacks
   (+3).
   It affects your resistance to hostile enchantments.
   It increases your rate of regeneration.
 i - the +2 pair of boots "Gargh" (worn) {rF+ rC++ Regen+}
   (You found it on level 5 of the Dungeon)

   It protects you from fire.
   It greatly protects you from cold.
   It increases your rate of regeneration.
 u - a +1 pair of gloves (worn)
 K - a +0 hat of see invisible (worn)
 O - a +2 crystal plate armour (worn)
Jewellery
 j - an amulet of harm (around neck)
 k - a ring of protection from cold (left hand)
 n - a +6 ring of dexterity (right hand)
 v - an uncursed ring of protection from cold
Wands
 A - a wand of digging (9/24)
 I - a wand of teleportation (4/9)
 U - a wand of iceblast (11/15)
 W - a wand of teleportation (7/9)
Scrolls
 e - 8 scrolls of remove curse
 h - 5 scrolls of fear
 p - 4 scrolls of enchant weapon
 s - 2 scrolls of recharging
 t - a scroll of holy word
 B - 2 scrolls of magic mapping
 F - 9 scrolls of identify
 M - 2 scrolls of fog
 N - 5 scrolls of blinking
 T - a scroll of teleportation
 X - 3 scrolls of enchant armour
Potions
 b - a potion of ambrosia
 l - 2 potions of brilliance
 m - a potion of invisibility
 o - a potion of berserk rage
 q - a potion of haste
 w - 3 potions of heal wounds
 R - 2 potions of curing
Comestibles
 f - 11 bread rations
 g - 11 slices of pizza
 r - 5 chunks of flesh
 C - 9 meat rations
 D - 6 fruits
 L - 2 beef jerkies


   Skills:
 + Level 10.0 Fighting
 * Level 15.0(15.5) Axes
   Level 7.7(13.0) Maces & Flails
 + Level 9.3 Armour
 + Level 3.6 Dodging
 + Level 11.7 Shields
 + Level 1.4 Evocations


You had 13 spell levels left.
You didn't know any spells.

Dungeon Overview and Level Annotations

Branches:
Dungeon (11/15)            Temple (1/1) D:6            Lair (5/6) D:11
 Spider (0/4) Lair:3          Orc (2/2) D:10            Elf (0/3) Orc:2
  Swamp: Lair:2-4    Shoals: Lair:2-4     Slime: Lair:5-6

Altars:
Ashenzari
Cheibriados
Dithmenos
Elyvilon
Hepliaklqana
Kikubaaqudgha
Makhleb
Nemelex Xobeh
Okawaru
Qazlal
Ru
Sif Muna
Trog
Uskayaw
Vehumet
Yredelemnul
Zin
The Shining One
Beogh

Shops:
D:8 ::   D:9 *   Orc:1 :   Orc:2 ([:*


Innate Abilities, Weirdness & Mutations

You are resistant to torment.
Your stone body is resilient. (AC +9)
You are immune to poison.
Your large and strong wings let you fly indefinitely.
You resist negative energy. (rN+)
You are resistant to electric shocks. (rElec)
You can survive without breathing.
You are immune to petrification.
You are immune to rotting.
You have large cloven feet.
Your body sometimes deteriorates upon taking damage.
You are frail. (-10% HP)
You are covered in fur. (AC +1)


Message History

The red devil disappears in a puff of smoke!
Your Fighting skill increases to level 10!
Your Axes skill increases to level 15!
You hit the orc knight but do no damage.
The orc knight looks as sick as possible!
You hit the smoke demon but do no damage.
The orc warrior hits you but does no damage.
The orc knight hits you but does no damage.
The orc high priest hits the fungus with a hand axe.
The orc warrior hits you from afar with a glaive!
* * * LOW HITPOINT WARNING * * *
The smoke demon hits you but does no damage. x3
You are too injured to fight recklessly!
You feel much better.
The orc knight hits you but does no damage.
The orc warrior hits you from afar with a glaive!
* * * LOW HITPOINT WARNING * * *
The orc high priest calls down the wrath of Beogh upon you.
Beogh smites you!
You die...

#..... .....P.........
.###.... .....P.........
..#.....
....P..8....P....#......
.........∩...P...#......
.......P.......##.......
.......oo...P..##.......
......§o3o...P####...P..
.....§.@......##........
$.....$.....####......P.
#........#...##.........
...#.#........#..P.8....
.. #####.#.#........∩...
. ##...............
##.............P.
#................
##.......P......P


You could see an orc knight, an orc high priest, a smoke demon and 2 orc
warriors.

Vanquished Creatures
  Gastronok (D:9)
  A tengu reaver (D:10)
  A fire giant (D:9)
  An orc warlord (Orc:1)
  The ghost of markt42 the Bludgeoner, a journeyman GrFi of Okawaru (Lair:3)
  The ghost of bl4d3 the Fighter, a journeyman GrFi of the Shining One (Lair:3)
  An ice dragon (D:10)
  A yaktaur captain (D:10)
  2 hydras
  An ogre mage (Orc:1)
  3 orc high priests
  The ghost of Scuka the Archer, a novice CeHu (D:7)
  The ghost of markt42 the Basher, a novice GrFi of Okawaru (D:10)
  The ghost of graki42 the Thaumaturge, a novice DEFE of Vehumet (D:9)
  A flayed ghost (D:10)
  A deep troll (D:10)
  2 hill giants
  3 orc knights (Orc:1)
  A necromancer (IceCv)
  Pikel (D:7)
  A deep elf mage (D:10)
  A manticore (D:11)
  6 orc sorcerers
  Joseph (D:8)
  2 black mambas (Lair:2)
  3 ice statues (IceCv)
  4 spiny frogs
  2 rime drakes
  2 komodo dragons
  11 ice devils
  2 jumping spiders (Lair:3)
  3 trolls
  A two-headed ogre (Orc:1)
  5 blink frogs (Lair:3)
  6 hippogriffs
  A redback (Lair:3)
  A wraith (D:11)
  13 yaks
  4 hogs (D:7)
  A human (D:7)
  A wyvern (Lair:3)
  2 basilisks
  A hungry ghost (D:11)
  2 wargs (Orc:1)
  Edmund (D:5)
  3 water moccasins
  Duvessa (D:5)
  6 porcupines
  25 orc warriors
  A swamp drake (D:10)
  An ice beast (D:7)
  3 slaves (D:7)
  4 phantoms
  4 sky beasts
  A black bear (D:10)
  5 ogres
  6 wolves
  7 centaurs
  5 crocodiles
  A big kobold (D:8)
  14 bullfrogs
  Dowan (D:5)
  3 scorpions
  6 killer bees
  10 wights
  5 howler monkeys
  3 jellies
  A centaur zombie (D:5)
  A quasit (D:9)
  A crimson imp (D:10)
  2 draconian simulacra (IceCv)
  2 bullfrog zombies
  4 hounds
  2 centaur skeletons
  A gnoll shaman (D:7)
  11 orc priests
  A bullfrog skeleton (D:5)
  11 orc wizards
  8 worker ants
  3 troll simulacra (IceCv)
  A killer bee zombie (D:10)
  A centaur simulacrum (IceCv)
  A hound skeleton (D:4)
  A howler monkey zombie (D:6)
  3 naga simulacra (IceCv)
  5 gnolls (D:7)
  A howler monkey skeleton (D:6)
  12 adders
  An ogre simulacrum (IceCv)
  5 shadow imps
  2 oozes (D:2)
  An adder zombie (D:9)
  3 adder skeletons
  5 worms
  4 dart slugs
  5 leopard geckos
  78 orcs
  9 bats
  10 giant cockroaches
  21 goblins
  6 hobgoblins
  A jackal (shapeshifter) (D:10)
  12 jackals
  7 quokkas
  8 frilled lizards
  A jackal skeleton (D:5)
  12 kobolds
  A leopard gecko skeleton (D:4)
  A quokka zombie (D:4)
  4 rats
  2 fungi (Lair:3)
490 creatures vanquished.

Vanquished Creatures (collateral kills)
  3 fungi (Orc:2)
3 creatures vanquished.

Vanquished Creatures (others)
  An orc wizard (Orc:1)
  A fungus (Orc:2)
  2 plants
4 creatures vanquished.

Grand Total: 497 creatures vanquished

Notes
Turn   | Place    | Note
-------+----------+-------------------------------------------
     0 | D:1      | markt42 the Gargoyle Fighter began the quest for the Orb.
     0 | D:1      | Reached XP level 1. HP: 14/14 MP: 1/1
   320 | D:1      | Reached XP level 2. HP: 19/19 MP: 2/2
   867 | D:2      | Reached XP level 3. HP: 21/23 MP: 3/3
  1093 | D:2      | Reached XP level 4. HP: 29/29 MP: 4/4
  1183 | D:2      | Found a bloodstained altar of Trog.
  1187 | D:2      | Found a shattered altar of Ashenzari.
  1203 | D:2      | Found a stormy altar of Qazlal.
  1205 | D:2      | Found a snail-covered altar of Cheibriados.
  1245 | D:2      | Found a faded altar of an unknown god.
  1750 | D:2      | Reached XP level 5. HP: 32/33 MP: 5/5
  2137 | D:3      | Found a hazy altar of Hepliaklqana.
  2701 | D:4      | Reached XP level 6. HP: 28/38 MP: 6/6
  3173 | D:4      | Reached skill level 5 in Maces & Flails
  3478 | D:5      | Entered Level 5 of the Dungeon
  3478 | D:5      | Noticed Edmund
  3489 | D:5      | Killed Edmund
  3489 | D:5      | Reached XP level 7. HP: 35/44 MP: 7/7
  3556 | D:5      | Reached skill level 5 in Shields
  3573 | D:5      | Gained mutation: You are covered in fur. (AC +1) [mutagenic meat]
  3574 | D:5      | Gained mutation: You can translocate small distances at will. [mutagenic meat]
  3576 | D:5      | Gained mutation: Your spells are a little harder to cast, but a little more powerful. [mutagenic meat]
  3577 | D:5      | Gained mutation: You are dopey. (Int -2) [mutagenic meat]
  3666 | D:5      | Reached skill level 1 in Dodging
  3941 | D:5      | Reached XP level 8. HP: 44/48 MP: 8/8
  3945 | D:5      | Got a pair of crude boots
  3951 | D:5      | Identified the +2 pair of boots "Gargh" {rF+ rC++ Regen+} (You found it on level 5 of the Dungeon)
  4481 | D:5      | Noticed Dowan
  4495 | D:5      | Killed Dowan
  4496 | D:5      | Noticed Duvessa
  4519 | D:5      | Killed Duvessa
  4745 | D:6      | Got a bone hand axe
  4746 | D:6      | Identified the +1 hand axe "Putiprap" {freeze, rElec MR+ Str+6} (You found it on level 6 of the Dungeon)
  4823 | D:6      | Found a hide-covered altar of Uskayaw.
  4882 | D:6      | Found a shattered altar of Ashenzari.
  5024 | D:6      | Reached skill level 5 in Fighting
  5024 | D:6      | Reached skill level 1 in Axes
  5282 | D:6      | Reached skill level 2 in Axes
  5691 | D:6      | Reached skill level 3 in Axes
  5691 | D:6      | Reached XP level 9. HP: 54/54 MP: 9/9
  5822 | D:6      | Found a staircase to the Ecumenical Temple.
  5826 | Temple   | Entered the Ecumenical Temple
  6048 | Temple   | Became a worshipper of Warmaster Okawaru
  6161 | D:7      | Noticed Pikel
  6187 | D:7      | Killed Pikel
  6187 | D:7      | Reached * piety under Okawaru
  6187 | D:7      | Reached skill level 4 in Axes
  6187 | D:7      | Reached skill level 5 in Armour
  6357 | D:7      | Got a twisted cloak
  6363 | D:7      | Identified the +1 cloak of the Alphagorgon {MR+++ Regen+ Slay+3} (You found it on level 7 of the Dungeon)
  6434 | D:7      | Noticed Scuka's ghost (novice CeHu)
  6452 | D:7      | Killed Scuka's ghost
  6452 | D:7      | Reached ** piety under Okawaru
  6452 | D:7      | Reached skill level 5 in Axes
  6718 | D:7      | Reached skill level 6 in Axes
  6724 | D:7      | Gained mutation: You have a pair of small horns on your head. [mutagenic meat]
  6725 | D:7      | Gained mutation: You are somewhat resistant to further mutation. [mutagenic meat]
  6947 | D:7      | Reached XP level 10. HP: 59/59 MP: 10/10
  7100 | D:7      | Reached *** piety under Okawaru
  7100 | D:7      | Reached skill level 7 in Axes
  7301 | D:8      | Found Wapluj's Book Shop.
  7303 | D:8      | Found Iriyler's Book Emporium.
  7570 | D:8      | Noticed Joseph
  7586 | D:8      | Killed Joseph
  7586 | D:8      | Reached **** piety under Okawaru
  7586 | D:8      | Reached skill level 8 in Axes
  7624 | D:8      | Noticed a hill giant
  7645 | D:8      | Killed a hill giant
  7853 | D:9      | Noticed Gastronok
  7871 | D:9      | Killed Gastronok
  7871 | D:9      | Reached ***** piety under Okawaru
  7871 | D:9      | Received a gift from Okawaru
  7871 | D:9      | Reached skill level 9 in Axes
  7871 | D:9      | Reached XP level 11. HP: 31/66 MP: 11/11
  8081 | D:9      | Noticed graki42's ghost (novice DEFE)
  8092 | D:9      | Killed graki42's ghost
  8096 | D:9      | Found a shadowy altar of Dithmenos.
  8296 | D:9      | Found Mazybaka's Elemental Accessories.
  8387 | D:9      | Received a gift from Okawaru
  8832 | D:10     | Entered Level 10 of the Dungeon
  8975 | D:10     | Noticed markt42's ghost (novice GrFi)
  8990 | D:10     | Killed markt42's ghost
  8990 | D:10     | Reached skill level 10 in Axes
  9358 | D:10     | Got a steaming long sword
  9359 | D:10     | Identified the +2 long sword of Certain Death {flame, rC+} (You found it on level 10 of the Dungeon)
  9531 | D:10     | Found a runed door.
  9531 | D:10     | Noticed a deep troll
  9531 | D:10     | Noticed a yaktaur captain
  9531 | D:10     | Noticed an ice dragon
  9533 | D:10     | Noticed a fire giant
  9533 | D:10     | Noticed a deep elf mage
  9533 | D:10     | Noticed a flayed ghost
  9533 | D:10     | Noticed a tengu reaver
  9704 | D:9      | Killed a fire giant
  9774 | D:10     | Killed a deep troll
  9815 | D:10     | Noticed a hill giant
  9829 | D:10     | Killed a tengu reaver
  9829 | D:10     | Reached skill level 11 in Axes
  9829 | D:10     | Reached XP level 12. HP: 64/72 MP: 12/12
  9833 | D:10     | Received a gift from Okawaru
  9842 | D:10     | Killed an ice dragon
  9842 | D:10     | Reached skill level 1 in Evocations
  9848 | D:10     | Killed a yaktaur captain
  9848 | D:10     | Reached ****** piety under Okawaru
  9896 | D:10     | Lost mutation: You have a pair of small horns on your head. [potion of cure mutation]
  9896 | D:10     | Lost mutation: You are somewhat resistant to further mutation. [potion of cure mutation]
  9896 | D:10     | Lost mutation: You are dopey. (Int -2) [potion of cure mutation]
  9896 | D:10     | Lost mutation: You can translocate small distances at will. [potion of cure mutation]
  9896 | D:10     | Lost mutation: Your spells are a little harder to cast, but a little more powerful. [potion of cure mutation]
  9897 | D:10     | Gained mutation: You have large cloven feet. [potion of mutation]
  9897 | D:10     | Gained mutation: You are agile. (Dex +2) [potion of mutation]
  9897 | D:10     | Lost mutation: You are agile. (Dex +2) [potion of mutation]
 10134 | D:10     | Found a staircase to the Orcish Mines.
 10374 | D:11     | Reached skill level 10 in Shields
 10465 | D:11     | Found a staircase to the Lair.
 10738 | D:11     | Reached skill level 12 in Axes
 11149 | Lair:1   | Entered Level 1 of the Lair of Beasts
 11736 | Lair:1   | You fall through a shaft!
 11795 | Lair:2   | Found a frozen archway.
 11808 | Lair:2   | Received a gift from Okawaru
 11850 | IceCv    | Entered an ice cave
 11901 | IceCv    | Reached XP level 13. HP: 77/79 MP: 14/14
 12161 | IceCv    | Reached skill level 13 in Axes
 13367 | Lair:3   | You fall through a shaft for 2 floors!
 13541 | Lair:3   | Found a hole to the Spider Nest.
 13679 | Lair:3   | Received a gift from Okawaru
 13726 | Lair:3   | Noticed markt42's ghost (journeyman GrFi)
 13757 | Lair:3   | Killed markt42's ghost
 13790 | Lair:3   | Noticed bl4d3's ghost (journeyman GrFi)
 13810 | Lair:3   | Killed bl4d3's ghost
 14659 | Orc:1    | Entered Level 1 of the Orcish Mines
 14677 | Orc:1    | Reached skill level 14 in Axes
 14679 | Orc:1    | Found Laynacos's Book Emporium.
 14679 | Orc:1    | Found a roughly hewn altar of Beogh.
 14773 | Orc:2    | Entered Level 2 of the Orcish Mines
 14794 | Orc:1    | Received a gift from Okawaru
 14841 | Orc:1    | Got a steaming battleaxe {god gift}
 14847 | Orc:1    | Identified the +11 battleaxe of Yrizoto {venom, rElec MR+} (Okawaru gifted it to you on level 1 of the Orcish Mines)
 14850 | Orc:2    | Noticed an orc warlord
 14895 | Orc:1    | Gained mutation: Your large and strong wings let you fly indefinitely. [Gargoyle growth]
 14895 | Orc:1    | Reached XP level 14. HP: 56/87 MP: 15/15
 15041 | Orc:1    | Killed an orc warlord
 15111 | Orc:2    | Found Ceapsusch's Book Shop.
 15120 | Orc:2    | Received a gift from Okawaru
 15268 | Orc:2    | Found Niexzam's General Store.
 15276 | Orc:2    | Gained mutation: Your body sometimes deteriorates upon taking damage. [a neqoxec]
 15278 | Orc:2    | Gained mutation: You are frail. (-10% HP) [a neqoxec]
 15301 | Orc:2    | Bought a potion of berserk rage for 80 gold pieces
 15301 | Orc:2    | Bought a scroll of holy word for 120 gold pieces
 15304 | Orc:2    | Identified a scroll of acquirement
 15345 | Orc:2    | Found Kiabal's Antique Armour Shop.
 15402 | Orc:2    | Found a staircase to the Elven Halls.
 15453 | Orc:2    | Found Huakon's Antique Weapon Shoppe.
 15461 | Orc:2    | Reached skill level 10 in Fighting
 15461 | Orc:2    | Reached skill level 15 in Axes
 15462 | Orc:2    | Killed from afar by an orc high priest

Skill      XL: |  1  2  3  4  5  6  7  8  9 10 11 12 13 14 |
---------------+-------------------------------------------+-----
Maces & Flails | 3 4 5 6 7 |  7.7
Shields        | 4 5 6 7 8 9 10 11 | 11.7
Fighting       | 4 5 6 7 8 9 10 | 10.0
Armour         | 4 5 6 7 8 9 |  9.3
Dodging        | 1 2 3 |  3.6
Axes           | 3 6 9 11 12 14 15 | 15.0
Evocations     | 1 |  1.4

Action                   |  1- 3 |  4- 6 |  7- 9 | 10-12 | 13-15 || total
-------------------------+-------+-------+-------+-------+-------++-------
Melee: Flail             |   130 |   365 |   160 |       |       ||   655
       Hand axe          |       |       |   270 |   670 |   462 ||  1402
       Headbutt          |       |       |     8 |   113 |       ||   121
       Battleaxe         |       |       |       |       |    80 ||    80
 Abil: Blink             |       |       |     3 |     1 |       ||     4
       Evoke Berserk Rag |       |       |       |     2 |       ||     2
Evoke: Wand              |       |       |       |     1 |       ||     1
  Use: Scroll            |       |    11 |     2 |     6 |     2 ||    21
       Potion            |       |     1 |       |    12 |     8 ||    21
 Stab: Distracted        |       |       |     2 |       |       ||     2
  Eat: Chunk             |       |     9 |    21 |    17 |     5 ||    52
       Beef jerky        |       |       |       |     2 |     1 ||     3
       Meat ration       |       |       |       |       |     1 ||     1
       Royal jelly       |       |       |       |       |     1 ||     1
Armor: Scale mail        |    89 |   233 |     1 |       |       ||   323
       Chain mail        |       |       |   202 |   249 |       ||   451
       Crystal plate arm |       |       |       |    19 |   370 ||   389
Dodge: Dodged            |    53 |   131 |   108 |   151 |   120 ||   563
Block: Shield            |    74 |   211 |   213 |   331 |   214 ||  1043
